 Dungeon Crawl Stone Soup version 0.22-a0-803-gd6d8abe (webtiles) character file.

485411 Oakenhold the Impregnable (level 23, -7/215 HPs)
             Began as a Minotaur Berserker on July 21, 2018.
             Was the Champion of Trog.
             Splashed by an acid blob's acid (10 damage)
             ... on level 1 of the Pits of Slime on July 22, 2018.
             The game lasted 08:46:41 (64377 turns).

Oakenhold the Impregnable (Minotaur Berserker)     Turns: 64377, Time: 08:46:41

Health: -7/215     AC: 18    Str: 26    XL:     23   Next: 49%
Magic:  0/7        EV: 24    Int:  7    God:    Trog [******]
Gold:   3201       SH: 33    Dex: 26    Spells: 22/22 levels left

rFire    + . .     SeeInvis .   g - +5 demon whip "Spellbinder" {antimagic, MR+}
rCold    + + .     Gourm    .   T - +2 large shield
rNeg     . . .     Faith    .   w - +3 plate armour of Dosaul Zos {MR++ Int+3}
rPois    .         Spirit   +   (helmet restricted)
rElec    .         Reflect  +   h - scarf {Spirit}
rCorr    .         Harm     .   s - +0 pair of gloves "Waiv" {Dex+9 Stlth-}
MR       +++++                  q - +2 pair of boots
Stlth    ..........             y - +6 amulet of reflection
HPRegen  1.45/turn              F - ring of Foramime {rF+ rC++ Str-2}
MPRegen  0.10/turn              a - +3 ring of strength

@: corroded, regenerating, drained
A: retaliatory headbutt, horns 2
}: 3/15 runes: serpentine, barnacled, silver
a: Berserk, Trog's Hand, Brothers in Arms, Renounce Religion


You were on level 1 of the Pits of Slime.
You worshipped Trog.
Trog was exalted by your worship.
You were not hungry.

You visited 8 branches of the dungeon, and saw 40 of its levels.

You collected 5043 gold pieces.
You spent 1842 gold pieces at shops.

Inventory:

Hand Weapons
 g - the +5 demon whip "Spellbinder" (weapon) {antimagic, MR+}
   (You took it off a deep elf annihilator on level 3 of the Elven Halls)

   It reduces the magical energy of the wielder, and disrupts the spells and
   magical abilities of those hit.
   Natural abilities and divine invocations are not affected.
   It affects your resistance to hostile enchantments.
 A - a +3 war axe of flaming
   (Trog gifted it to you on level 2 of the Vaults)
 Y - a +9 broad axe of chopping {!w}
   (Trog gifted it to you on level 4 of the Lair of Beasts)
Missiles
 o - 1453 stones (quivered)
Armour
 d - the +0 buckler "Daera" {rF+ rN+++ Str-5 SInv}
   (You took it off an orc on level 1 of the Vaults)

   It affects your strength (-5).
   It protects you from fire.
   It renders you almost immune to negative energy.
   It lets you see invisible.
 h - a scarf of spirit shield (worn)
   (You bought it in a shop on level 2 of the Orcish Mines)
 q - a +2 pair of boots (worn)
   (You found it on level 5 of the Lair of Beasts)
 s - the +0 pair of gloves "Waiv" (worn) {Dex+9 Stlth-}
   (You found it on level 3 of the Elven Halls)

   It affects your dexterity (+9).
   It makes you less stealthy.
 w - the +3 plate armour of Dosaul Zos (worn) {MR++ Int+3}
   (You found it on level 8 of the Dungeon)

   It affects your intelligence (+3).
   It affects your resistance to hostile enchantments.
 B - a scarf of resistance
   (You found it on level 3 of the Elven Halls)
 H - a +4 chain mail of poison resistance
   (You took it off a merfolk on level 4 of the Shoals)
 K - +0 fire dragon scales
   (You found it on level 1 of the Vaults)
 T - a +2 large shield (worn)
   (You found it on level 3 of the Lair of Beasts)
 W - a +6 plate armour of magic resistance
   (You bought it in a shop on level 1 of the Snake Pit)
Jewellery
 a - a +3 ring of strength (right hand)
   (You found it on level 3 of the Lair of Beasts)
 i - the amulet of Divine Intervention {Harm *Drain rC++ MR++ Stlth-}
   (You found it on level 5 of the Vaults)

   [amulet of harm]

   It increases damage dealt and taken.
   It greatly protects you from cold.
   It affects your resistance to hostile enchantments.
   It causes draining when unequipped.
   It makes you less stealthy.
 m - a +4 ring of dexterity
   (You found it on level 6 of the Dungeon)
 y - a +6 amulet of reflection (around neck)
   (You found it on level 3 of the Lair of Beasts)
 D - an uncursed ring of see invisible {sInv, !d}
   (You bought it in a shop on level 2 of the Orcish Mines)
 F - the ring of Foramime (left hand) {rF+ rC++ Str-2}
   (You found it on level 5 of the Vaults)

   [ring of strength]

   It affects your strength (-2).
   It protects you from fire.
   It greatly protects you from cold.
 Z - an uncursed amulet of the gourmand {Gourm, !d}
   (You found it on level 4 of the Vaults)
Wands
 v - a wand of disintegration (42)
   (You took it off Ijyb on level 4 of the Dungeon)
 O - a wand of acid (33)
   (You found it on level 10 of the Dungeon)
 Q - a wand of digging (28)
   (You found it on level 2 of the Shoals)
 S - a wand of enslavement (23)
   (You took it off an orc warrior on level 11 of the Dungeon)
 V - a wand of polymorph (7)
   (You took it off a vault sentinel on level 3 of the Vaults)
Scrolls
 f - 4 scrolls of immolation {!r}
 j - 16 scrolls of remove curse
 n - a scroll of silence
 p - 8 scrolls of fear
 r - 4 scrolls of enchant armour
 x - 12 scrolls of fog
 C - 3 scrolls of magic mapping {!r}
 J - a scroll of acquirement
 M - a scroll of blinking {!r}
 N - 12 scrolls of teleportation
 P - 8 scrolls of identify
Potions
 b - 6 potions of heal wounds
 e - 2 potions of curing
 k - a potion of cancellation
 l - 3 potions of invisibility
 t - 4 potions of agility
 u - 5 potions of brilliance
 z - 2 potions of resistance
 G - 3 potions of might
 L - 7 potions of flight
 U - a potion of haste
Miscellaneous
 X - a phantom mirror
Comestibles
 c - 58 rations


   Skills:
 - Level 20.0(18.7) Fighting
 - Level 18.5(17.4) Axes
 * Level 26.6(25.2) Armour
 + Level 20.2(19.0) Dodging
 * Level 22.4(21.1) Shields


You had 22 spell levels left.
You didn't know any spells.
Your spell library contained the following spells:

 Spells                   Type           Power        Failure   Level  Hunger
 Conjure Flame            Conj/Fire      #.......     100%        3    ####...
 Bolt of Cold             Conj/Ice       #.........   100%        6    #######
 Lightning Bolt           Conj/Air       #.........   100%        5    ######.
 Bolt of Magma            Conj/Fire/Erth #.........   100%        5    ######.
 Freezing Cloud           Conj/Ice/Air   #.........   100%        6    #######
 Mephitic Cloud           Conj/Pois/Air  #.......     100%        3    ####...
 Ring of Flames           Chrm/Fire      #.........   100%        7    #######
 Venom Bolt               Conj/Pois      #.........   100%        5    ######.
 Teleport Other           Tloc           #.......     100%        3    ####...
 Death's Door             Chrm/Necr      #.........   100%        8    #######
 Summon Small Mammal      Summ           #...         95%         1    ##.....
 Blink                    Tloc           N/A          99%         2    ###....
 Pain                     Necr           #...         95%         1    ##.....
 Haunt                    Necr/Summ      #.........   100%        7    #######
 Borgnjor's Revivificati  Necr           #.........   100%        8    #######
 Ozocubu's Refrigeration  Ice            #.........   100%        6    #######
 Summon Ice Beast         Ice/Summ       #.......     100%        4    #####..
 Call Imp                 Summ           #.......     99%         2    ###....
 Dispel Undead            Necr           #.......     100%        5    ######.
 Regeneration             Chrm/Necr      #.........   100%        3    ####...
 Sting                    Conj/Pois      #...         95%         1    ##.....
 Tukima's Dance           Hex            #.......     100%        3    ####...
 Iron Shot                Conj/Erth      #.........   100%        6    #######
 Swiftness                Chrm/Air       #.......     99%         2    ###....
 Recall                   Summ/Tloc      N/A          100%        3    ####...
 Spider Form              Tmut/Pois      #.........   100%        3    ####...
 Blade Hands              Tmut           #.........   100%        5    ######.
 Statue Form              Tmut/Erth      #........    100%        6    #######
 Ice Form                 Ice/Tmut       #.......     100%        4    #####..
 Necromutation            Tmut/Necr      #.........   100%        8    #######
 Shadow Creatures         Summ           N/A          100%        6    #######
 Call Canine Familiar     Summ           #.......     100%        3    ####...
 Ensorcelled Hibernation  Hex/Ice        #.....       99%         2    ###....
 Metabolic Englaciation   Hex/Ice        #.........   100%        5    ######.
 Silence                  Hex/Air        #.........   100%        5    ######.
 Shatter                  Erth           #.........   100%        9    #######
 Static Discharge         Conj/Air       #.......     100%        3    ####...
 Corona                   Hex            #......      95%         1    ##.....
 Simulacrum               Ice/Necr       #.........   100%        6    #######
 Portal Projectile        Hex/Tloc       #.....       100%        3    ####...
 Petrify                  Tmut/Erth      #.......     100%        4    #####..
 Passage of Golubria      Tloc           N/A          100%        4    #####..
 Orb of Destruction       Conj           #.........   100%        7    #######
 Tornado                  Air            #.........   100%        9    #######
 Leda's Liquefaction      Hex/Erth       #.........   100%        4    #####..
 Darkness                 Hex            #.........   100%        6    #######
 Shroud of Golubria       Chrm/Tloc      #.........   99%         2    ###....
 Beastly Appendage        Tmut           #.....       95%         1    ##.....
 Iskenderun's Battlesphe  Conj/Chrm      #.......     100%        5    ######.
 Dazzling Spray           Conj/Hex       #.....       100%        3    ####...
 Infusion                 Chrm           #...         95%         1    ##.....
 Song of Slaying          Chrm           #.......     99%         2    ###....
 Spectral Weapon          Hex/Chrm       #.......     100%        3    ####...
 Summon Lightning Spire   Summ/Air       #.......     100%        4    #####..
 Summon Guardian Golem    Hex/Summ       #.......     100%        3    ####...
 Spellforged Servitor     Conj/Summ      #.........   100%        7    #######
 Gell's Gravitas          Tloc           #.........   100%        3    ####...
 Yara's Violent Unravell  Hex/Tmut       #.........   100%        5    ######.
 Infestation              Necr           #.........   100%        8    #######
 Lesser Beckoning         Tloc           #.........   100%        3    ####...
 Poisonous Vapours        Pois/Air       #.....       99%         2    ###....
 Ignition                 Fire           #.........   100%        8    #######
 Borgnjor's Vile Clutch   Necr/Erth      #.........   100%        5    ######.


Dungeon Overview and Level Annotations

Branches:
Dungeon (15/15)            Temple (0/1) D:7            Lair (6/6) D:10
 Shoals (4/4) Lair:3        Snake (4/4) Lair:3        Slime (1/5) Lair:5
    Orc (2/2) D:12            Elf (3/3) Orc:2        Vaults (5/5) D:13
  Crypt (0/3) Vaults:3     Depths (0/5) D:15

Altars:
Ashenzari
Cheibriados
Dithmenos
Fedhas
Gozag
Hepliaklqana
Kikubaaqudgha
Okawaru
Ru
Vehumet
Wu Jian
Xom
Yredelemnul
Jiyva

Shops:
D:9 *   D:12 *   D:15 ?   Orc:1 (   Orc:2 (=[}*   Elf:3 (   Snake:1 [
Snake:3 :   Vaults:1 %   Vaults:2 *   Vaults:3 :   Vaults:5 ?

Annotations:
D:6 jusw85's ghost, novice DECj
D:10 1 exclusion
D:11 1 exclusion
D:14 3 runed doors, jusw85's ghost, journeyman DECj
Lair:2 2 exclusions
Lair:3 exclusions: 4 oklob plants and 1 more exclusion
Lair:4 3 runed doors, pedant's ghost, journeyman MfIE
Lair:5 1 exclusion
Lair:6 1 exclusion
Shoals:1 1 exclusion
Shoals:2 3 exclusions
Snake:1 1 exclusion
Snake:3 3 exclusions
Snake:4 1 exclusion
Elf:2 2 exclusions
Elf:3 1 exclusion
Vaults:1 3 exclusions
Vaults:2 1 exclusion
Vaults:3 1 exclusion
Vaults:4 2 exclusions


Innate Abilities, Weirdness & Mutations

You reflexively headbutt those who attack you in melee.
You have a pair of horns on your head.


Message History

You headbutt the acid blob. You block the slime creature's attack.
You take 2 damage, and have 181/215 hp.
You whack the slime creature! You block the slime creature's attack.
You block the acid blob's attack.
You thrash the slime creature!! The acid blob spits acid at you.
The splash of acid hits you!
You are splashed with acid!
The acid burns!
The slime creature misses you. You furiously retaliate!
You headbutt the slime creature! You block the slime creature's attack.
You take 26 damage, and have 155/215 hp.
You thrash the slime creature!!
You kill the slime creature!
Trog accepts your kill. You block the acid blob's attack.
You block the slime creature's attack. The acid blob spits acid at you.
The splash of acid hits you! The acid corrodes you!
You are splashed with acid!
The acid burns!
You take 14 damage, and have 141/215 hp.
The acid blob spits acid at you. The splash of acid hits you!
The acid corrodes you!
You are splashed with acid!
The acid burns!
You block the slime creature's attack.
You take 11 damage, and have 130/215 hp.
You now have 5/7 mp.
You whack the slime creature! You headbutt the slime creature!
The acid blob spits acid at you. The splash of acid hits you!
The acid corrodes you!
You are splashed with acid!
The acid burns!
You block the slime creature's attack. x2
The acid blob spits acid at you. The splash of acid misses you.
You take 13 damage, and have 117/215 hp.
You now have 4/7 mp.
You hit the slime creature. You headbutt the slime creature.
You block the acid blob's attack.
You barely miss the slime creature.
Your headbutt misses the slime creature.
You block the slime creature's attack. The acid blob misses you.
You furiously retaliate!
You headbutt the acid blob, but do no damage.
You block the slime creature's attack.
You hit the slime creature. The acid blob spits acid at you.
The splash of acid hits you!
You are splashed with acid!
The acid burns!
* * * LOW HITPOINT WARNING * * *
You block the slime creature's attack.
You take 12 damage, and have 106/215 hp.
You now have 3/7 mp.
You thrash the slime creature!! You block the acid blob's attack.
You block the slime creature's attack. You block the acid blob's attack.
You hit the slime creature.
You headbutt the slime creature, but do no damage.
The acid blob spits acid at you. The splash of acid hits you!
* * * LOW HITPOINT WARNING * * *
You are splashed with acid!
The acid burns!
* * * LOW HITPOINT WARNING * * *
The slime creature closely misses you. You furiously retaliate!
You headbutt the slime creature!
You take 24 damage, and have 82/215 hp.
You thrash the acid blob!!
Your hands burn!
* * * LOW HITPOINT WARNING * * *
You headbutt the acid blob. The acid blob hits you!!
* * * LOW HITPOINT WARNING * * *
You are splashed with acid!
The acid burns!
* * * LOW HITPOINT WARNING * * *
The slime creature hits you but does no damage.
You take 33 damage, and have 49/215 hp.
You block the slime creature's attack. The acid blob spits acid at you.
The splash of acid hits you!
* * * LOW HITPOINT WARNING * * *
You are splashed with acid!
The acid burns!
* * * LOW HITPOINT WARNING * * *
You take 18 damage, and have 31/215 hp.
You now have 2/7 mp.
You thrash the slime creature!! The slime creature barely misses you.
You barely miss the slime creature. You headbutt the slime creature.
The acid blob hits you but does no damage.
You whack the slime creature! You block the slime creature's attack.
You block the acid blob's attack. The acid blob spits acid at you.
The splash of acid hits you! The acid corrodes you!
You are splashed with acid!
The acid burns!
* * * LOW HITPOINT WARNING * * *
You take 8 damage, and have 25/215 hp.
You now have 2/7 mp.
The acid blob spits acid at you.
The splash of acid reflects off an invisible shield around you!
The splash of acid hits the acid blob.
The acid blob completely resists.
The acid blob spits acid at you. The splash of acid hits you!
* * * LOW HITPOINT WARNING * * *
You are splashed with acid!
The acid burns!
* * * LOW HITPOINT WARNING * * *
You take 14 damage, and have 11/215 hp.
You now have 1/7 mp.
Your skin crawls.
You feel resistant to hostile enchantments.
You feel somewhat more hungry. The acid blob spits acid at you.
The splash of acid hits you!
* * * LOW HITPOINT WARNING * * *
You are splashed with acid!
The acid burns!
You die...

##.#...............
####.###..................
####.....###.#.........<.....
##.#...... ##..#######.......
.........# #... ####.....#..
.#........# ##..###.##........
....#.....########.............
.#........J..........##.#....>.
#........JJJ..@.......#........
...............................
........##.#######.............
.......##.... ##........#..#.
...##.. #.....# #..........((.(
.. ##. #..#.## #........#.....
. .. ...### #........##...#
.....## ##.#......#...#
####..........


You could see 2 acid blobs and 2 slime creatures.

Vanquished Creatures
  Mara (Elf:3)
  Bai Suzhen (Elf:3)
  The ghost of Ceasim the Bludgeoner, an adept TrMo of Qazlal (Vaults:1)
  2 tentacled monstrosities (Vaults:5)
  3 large abominations
  A deep elf master archer (Elf:3)
  Asterion (Snake:1)
  5 deep elf blademasters
  A lich (Vaults:5)
  3 quicksilver dragons (Vaults:5)
  3 krakens
  2 sphinxes
  An acid blob (Slime:1)
  Kirke (Lair:4)
  3 storm dragons
  Gastronok (Lair:1)
  4 shadow dragons
  9 tengu reavers
  16 nagarajas
  Aizul (Snake:4)
  3 azure jellies (Slime:1)
  Roxanne (Elf:1)
  5 fire giants (Vaults:5)
  2 orc warlords
  13 deep elf sorcerers
  5 frost giants
  12 vault wardens
  6 deep elf elementalists
  4 war gargoyles
  11 stone giants
  7 deep elf demonologists
  21 ironheart preservers
  The ghost of Kakibod the Eclecticist, a journeyman SpVM of Sif Muna (Shoals:1)
  Azrael (Elf:1)
  8 deep elf annihilators
  7 ettins
  8 deep elf death magi
  The ghost of Visa Elutokk the Imperceptible, a journeyman FeEn of Wu Jian (Vaults:1)
  Josephine (D:10)
  4 fire dragons
  3 merfolk javelineers (Shoals:4)
  2 great orbs of eyes
  10 yaktaur captains
  6 deep elf high priests
  10 merfolk impalers
  15 naga warriors
  3 hydras
  3 rakshasas
  26 vault guards
  10 centaur warriors
  6 ice dragons
  5 merfolk avatars
  6 merfolk aquamancers
  3 anacondas
  3 tengu warriors
  A two-headed ogre (shapeshifter) (Vaults:5)
  21 dancing weapons
  7 death yaks
  3 death knights
  4 small abominations
  9 ogre magi
  24 two-headed ogres
  5 deep troll shamans
  16 naga sharpshooters
  A shock serpent (shapeshifter) (Vaults:5)
  3 deep troll earth magi (Vaults:5)
  A satyr (Shoals:4)
  4 orc high priests (Orc:2)
  2 hell knights
  Sonja (D:14)
  7 shock serpents
  A fire crab (Lair:6)
  20 deep elf knights
  3 shadow wraiths
  A sixfirhy (Vaults:1)
  2 salamander mystics
  10 skeletal warriors
  5 unseen horrors
  3 flayed ghosts
  5 wizards
  2 glowing orange brains
  11 deep trolls
  10 sea snakes
  13 deep elf archers
  3 naga ritualists
  4 phantasmal warriors
  An obsidian statue (D:8)
  21 ironbrand convokers
  19 orc knights
  69 deep elf magi
  25 harpies
  7 mana vipers
  11 salamanders
  5 orc sorcerers
  14 manticores
  6 wolf spiders
  7 cyclopes
  14 ugly things
  18 fauns
  16 guardian serpents
  2 centaur zombies (D:11)
  13 naga magi
  34 black mambas
  Maurice (D:11)
  A black mamba (shapeshifter) (Vaults:2)
  14 merfolk sirens
  Joseph (D:8)
  21 vault sentinels
  9 water nymphs
  2 gargoyles (D:15)
  11 spiny frogs
  4 orange demons (D:10)
  2 guardian serpents (shapeshifter)
  5 centaur skeletons
  An efreet (D:10)
  2 rime drakes
  29 yaktaurs
  7 freezing wraiths
  6 komodo dragons
  A kobold demonologist (D:13)
  A tengu conjurer (D:15)
  A spectral water nymph (Shoals:2)
  11 trolls
  3 red devils (D:10)
  6 wind drakes
  17 merfolk
  6 polar bears
  A blink frog (shapeshifter) (Vaults:1)
  8 hornets
  24 slime creatures
  A dream sheep (shapeshifter) (Vaults:2)
  5 blink frogs
  12 hippogriffs
  A spectral manticore (Shoals:1)
  12 snapping turtles
  A fire giant simulacrum (Vaults:3)
  A meliai zombie (D:13)
  A spectral merfolk (Shoals:2)
  5 shadows
  Sigmund (D:6)
  7 wraiths
  A tarantella (shapeshifter) (Vaults:5)
  An air elemental (Elf:2)
  A vampire (D:11)
  A spriggan (shapeshifter) (D:14)
  15 spriggans (Lair:6)
  4 wyverns
  9 hogs
  A human (D:6)
  2 redbacks (shapeshifter)
  4 basilisks
  14 water elementals
  4 vampire mosquitoes
  8 hungry ghosts
  33 yaks
  11 fire elementals
  A sea snake simulacrum (Shoals:2)
  A steam dragon (D:12)
  11 wargs
  A harpy simulacrum (Shoals:2)
  45 nagas
  12 water moccasins
  7 acid dragons
  2 spectral snapping turtles
  2 hell hounds (Elf:1)
  11 porcupines
  2 sky beasts (D:10)
  A black bear (shapeshifter) (Vaults:3)
  A hornet zombie (D:15)
  2 ice beasts
  A swamp drake (Lair:1)
  50 orc warriors
  4 black bears
  2 eyes of draining
  A merfolk simulacrum (Shoals:2)
  A necrophage (D:12)
  A phantom (D:13)
  25 centaurs
  3 boggarts (Lair:6)
  33 wolves
  34 ogres
  13 crocodiles
  A crocodile (shapeshifter) (Vaults:5)
  A big kobold (shapeshifter) (Vaults:5)
  4 big kobolds
  16 bullfrogs
  A gnoll sergeant (D:8)
  2 earth elementals
  A glowing shapeshifter simulacrum (Vaults:2)
  A water nymph simulacrum (Shoals:2)
  2 troll zombies (D:12)
  4 scorpions
  A human simulacrum (Vaults:2)
  19 killer bees
  4 electric eels
  5 howler monkeys
  11 crimson imps
  2 bullfrog zombies
  5 quasits
  3 hounds
  A hippogriff simulacrum (Shoals:2)
  6 jellies
  21 orc priests
  5 bullfrog skeletons
  3 gnoll shamans (D:6)
  Ijyb (D:4)
  A hell rat (D:10)
  31 orc wizards
  Natasha (D:3)
  7 iguanas
  11 worker ants
  4 ogre zombies (D:12)
  A hound skeleton (D:5)
  2 worker ant zombies (D:6)
  22 gnolls
  16 adders
  A howler monkey skeleton (D:10)
  A river rat (D:10)
  2 shadow imps
  5 oozes
  An adder skeleton (D:4)
  2 worms
  2 dart slugs (D:2)
  12 leopard geckos
  124 orcs
  6 bats
  6 giant cockroaches
  14 goblins
  8 hobgoblins
  9 jackals
  20 kobolds
  9 quokkas
  A quokka (shapeshifter) (D:15)
  2 ball pythons
  6 frilled lizards
  2 goblin skeletons (D:12)
  A goblin zombie (D:12)
  A hobgoblin skeleton (D:12)
  A hobgoblin zombie (D:12)
  A leopard gecko skeleton (D:4)
  2 orc skeletons (D:12)
  12 orc zombies (D:12)
  A quokka skeleton (D:4)
  9 rats
  5 crawling corpses
  8 fungi
  5 plants
  5 tentacles
1894 creatures vanquished.

Vanquished Creatures (others)
  Vashnia (Snake:4)
  A stone giant (Vaults:3)
  A deep elf annihilator (Elf:3)
  3 merfolk javelineers
  A yaktaur captain (Vaults:5)
  2 satyrs (Shoals:3)
  3 centaur warriors
  5 naga sharpshooters (Snake:4)
  2 deep elf knights
  2 deep elf archers
  2 deep elf magi
  3 fauns
  9 yaktaurs
  A snapping turtle (Shoals:4)
  A water elemental (Elf:3)
  An orc warrior (Vaults:5)
  An orc (Vaults:5)
  7 fungi
  13 plants
  18 tentacles
77 creatures vanquished.

Grand Total: 1971 creatures vanquished

Notes
Turn   | Place    | Note
-------+----------+-------------------------------------------
     0 | D:1      | Oakenhold the Minotaur Berserker began the quest for the Orb.
     0 | D:1      | Reached XP level 1. HP: 19/19 MP: 0/0
   142 | D:1      | HP: 5/20 [leopard gecko (4)]
   143 | D:1      | Reached skill level 4 in Axes
   143 | D:1      | Reached XP level 2. HP: 7/27 MP: 1/1
   729 | D:1      | Reached skill level 4 in Fighting
   729 | D:1      | Reached XP level 3. HP: 32/33 MP: 2/2
   967 | D:1      | Reached skill level 3 in Armour
  1527 | D:2      | Reached ** piety under Trog
  1773 | D:2      | Reached XP level 4. HP: 40/40 MP: 3/3
  2264 | D:3      | Reached skill level 3 in Dodging
  2395 | D:3      | Reached skill level 5 in Axes
  2810 | D:3      | Reached XP level 5. HP: 39/47 MP: 4/4
  3004 | D:3      | Found a blossoming altar of Fedhas.
  3156 | D:3      | Found a radiant altar of Vehumet.
  3405 | D:3      | Reached *** piety under Trog
  3789 | D:4      | Noticed Ijyb
  3793 | D:4      | Killed Ijyb
  3921 | D:4      | Reached skill level 4 in Armour
  4007 | D:4      | Noticed Natasha
  4017 | D:3      | Killed Natasha
  4017 | D:3      | Reached XP level 6. HP: 55/55 MP: 5/5
  4522 | D:3      | Reached skill level 6 in Axes
  4672 | D:4      | Reached skill level 5 in Fighting
  4812 | D:4      | Found a hazy altar of Hepliaklqana.
  4942 | D:4      | Reached skill level 4 in Dodging
  5073 | D:5      | Entered Level 5 of the Dungeon
  5148 | D:5      | Noticed an ice beast
  5153 | D:5      | Killed an ice beast
  5153 | D:5      | Reached XP level 7. HP: 61/61 MP: 6/6
  5569 | D:5      | Reached skill level 7 in Axes
  5822 | D:5      | Found a sacrificial altar of Ru.
  5866 | D:5      | Reached skill level 5 in Armour
  6328 | D:6      | Reached skill level 6 in Fighting
  6419 | D:6      | Noticed jusw85's ghost (novice DECj)
  6435 | D:6      | Reached skill level 5 in Dodging
  6435 | D:6      | Reached XP level 8. HP: 65/70 MP: 7/7
  6495 | D:6      | Reached **** piety under Trog
  6498 | D:6      | Reached skill level 8 in Axes
  6654 | D:6      | Found a transporter.
  6672 | D:6      | Found a transporter.
  6704 | D:6      | HP: 17/70 [poisoned by a gnoll]
  6710 | D:6      | HP: 14/70 [poisoned by a gnoll]
  6715 | D:6      | HP: 13/70 [poisoned by a gnoll]
  6722 | D:6      | HP: 13/70 [poisoned by a gnoll]
  6730 | D:6      | HP: 12/70 [poisoned by a gnoll]
  7015 | D:6      | Received a gift from Trog
  7111 | D:6      | Reached skill level 6 in Armour
  7542 | D:6      | Found an iron altar of Okawaru.
  7973 | D:6      | Reached skill level 9 in Axes
  7988 | D:6      | Noticed Sigmund
  8023 | D:6      | Killed Sigmund
  8269 | D:6      | Reached skill level 7 in Fighting
  8270 | D:6      | Reached skill level 6 in Dodging
  8694 | D:7      | Found a hazy altar of Hepliaklqana.
  8814 | D:7      | Found an opulent altar of Gozag.
  8816 | D:7      | Found a shadowy altar of Dithmenos.
  8817 | D:7      | Found an ornate altar of the Wu Jian Council.
  8827 | D:7      | Found a staircase to the Ecumenical Temple.
  8836 | D:7      | Reached XP level 9. HP: 78/79 MP: 8/8
  8867 | D:7      | Found a shimmering altar of Xom.
  8908 | D:6      | Reached skill level 7 in Armour
  8961 | D:6      | Reached skill level 10 in Axes
  9667 | D:7      | Reached skill level 8 in Fighting
  9782 | D:7      | Reached skill level 7 in Dodging
 10365 | D:8      | Reached skill level 11 in Axes
 10414 | D:8      | Noticed Joseph
 10515 | D:8      | Killed Joseph
 10515 | D:8      | Reached skill level 8 in Armour
 10837 | D:8      | Reached XP level 10. HP: 79/90 MP: 9/9
 11583 | D:8      | Reached ***** piety under Trog
 11709 | D:8      | Got an amber-encrusted plate armour
 11710 | D:8      | Identified the +3 plate armour of Dosaul Zos {MR++ Int+3} (You found it on level 8 of the Dungeon)
 11782 | D:8      | Noticed an obsidian statue
 11815 | D:8      | Killed an obsidian statue
 12160 | D:9      | Reached skill level 9 in Fighting
 12249 | D:9      | Reached skill level 12 in Axes
 12360 | D:9      | Noticed a two-headed ogre
 12372 | D:9      | Killed a two-headed ogre
 12372 | D:9      | Reached skill level 8 in Dodging
 12490 | D:9      | Reached skill level 9 in Armour
 12779 | D:9      | Found Rytun's General Store.
 13076 | D:10     | Entered Level 10 of the Dungeon
 13454 | D:10     | Found a staircase to the Lair.
 13454 | D:10     | Noticed a death yak
 13493 | D:10     | Killed a death yak
 13493 | D:10     | Reached skill level 13 in Axes
 13493 | D:10     | Reached XP level 11. HP: 99/99 MP: 10/10
 13493 | D:10     | Noticed a death yak
 13495 | D:10     | Noticed a death yak
 13498 | D:10     | Killed a death yak
 13498 | D:10     | Reached skill level 10 in Fighting
 13506 | D:10     | Killed a death yak
 13506 | D:10     | Reached skill level 9 in Dodging
 13507 | D:10     | Killed an unseen horror
 13855 | D:10     | Reached skill level 10 in Armour
 13855 | D:10     | HP: 31/150 [red devil/trident (12)]
 14726 | D:10     | Reached skill level 14 in Axes
 15164 | D:11     | Noticed a two-headed ogre
 15176 | D:11     | Killed a two-headed ogre
 15176 | D:11     | Received a gift from Trog
 15297 | D:11     | Noticed an orc sorcerer
 15313 | D:11     | Noticed a sixfirhy
 15331 | D:10     | Killed an unseen horror
 15379 | D:10     | Killed an orc sorcerer
 15542 | D:11     | Noticed a green ugly thing
 15566 | D:10     | Killed a green ugly thing
 15566 | D:10     | Reached skill level 11 in Fighting
 15726 | D:11     | Reached XP level 12. HP: 107/110 MP: 11/11
 16033 | D:11     | Reached skill level 10 in Dodging
 16608 | D:11     | Noticed Josephine
 16625 | D:10     | Killed Josephine
 16625 | D:10     | Reached skill level 11 in Armour
 16655 | D:10     | Reached skill level 15 in Axes
 17151 | D:11     | Noticed Maurice
 17186 | D:11     | Killed Maurice
 17221 | D:11     | Noticed a centaur warrior
 17240 | D:11     | Killed a centaur warrior
 17835 | D:11     | Noticed a two-headed ogre
 17851 | D:11     | Killed a two-headed ogre
 18085 | D:11     | Reached skill level 12 in Fighting
 18181 | D:11     | Reached skill level 16 in Axes
 18198 | D:11     | Noticed a two-headed ogre
 18212 | D:11     | HP: 26/112 [flayed ghost/flay_damage (11)]
 18212 | D:11     | HP: 12/112 [two-headed ogre/giant club (14)]
 18256 | D:10     | Killed a two-headed ogre
 18256 | D:10     | Reached skill level 11 in Dodging
 18632 | D:11     | Identified the Collected Works on Malediction and Black Rituals
 19072 | Lair:1   | Entered Level 1 of the Lair of Beasts
 19101 | Lair:1   | Reached XP level 13. HP: 118/118 MP: 12/12
 19138 | Lair:1   | Noticed Gastronok
 19283 | Lair:1   | Killed Gastronok
 19283 | Lair:1   | Reached skill level 12 in Armour
 19587 | Lair:1   | Found a shattered altar of Ashenzari.
 19790 | Lair:1   | Received a gift from Trog
 21334 | Lair:3   | HP: 21/119 [16-headed hydra (9)]
 21798 | Lair:3   | Found a staircase to the Snake Pit.
 21948 | Lair:3   | Reached skill level 17 in Axes
 22258 | Lair:3   | Found a staircase to the Shoals.
 22693 | Lair:4   | Found a runed gate.
 22693 | Lair:4   | Found a runed gate.
 22693 | Lair:4   | Found a runed gate.
 22705 | Lair:4   | Noticed pedant's ghost (journeyman MfIE)
 22743 | Lair:4   | Noticed Kirke
 22764 | Lair:4   | Killed Kirke
 22764 | Lair:4   | Reached skill level 13 in Fighting
 22765 | Lair:4   | Received a gift from Trog
 23030 | Lair:4   | Reached skill level 12 in Dodging
 23476 | Lair:4   | Reached skill level 13 in Armour
 24011 | Lair:5   | Reached XP level 14. HP: 118/129 MP: 13/13
 24134 | Lair:5   | Found a staircase to the Slime Pits.
 24147 | Lair:5   | Found a viscous altar of Jiyva.
 24800 | Lair:6   | Entered Level 6 of the Lair of Beasts
 24806 | Lair:6   | Reached skill level 18 in Axes
 25821 | Lair:6   | Reached skill level 14 in Fighting
 26122 | D:12     | Received a gift from Trog
 26463 | D:12     | Found Loegruets's Demolitions Depot.
 26694 | D:12     | Found a staircase to the Orcish Mines.
 27186 | D:12     | Reached skill level 14 in Armour
 27601 | D:13     | Reached skill level 13 in Dodging
 27604 | D:13     | Reached ****** piety under Trog
 27650 | D:13     | Received a gift from Trog
 27797 | D:13     | Found a gate to the Vaults.
 28033 | D:13     | Reached XP level 15. HP: 138/139 MP: 14/14
 28734 | Orc:1    | Entered Level 1 of the Orcish Mines
 28734 | Orc:1    | Noticed an orc warlord
 28752 | Orc:1    | Killed an orc warlord
 28752 | Orc:1    | Reached skill level 15 in Fighting
 28958 | Orc:1    | Found Hecyn's Antique Weapon Shop.
 29697 | Orc:2    | Entered Level 2 of the Orcish Mines
 29712 | Orc:2    | Received a gift from Trog
 29712 | Orc:2    | Reached skill level 15 in Armour
 29793 | Orc:2    | Found Buyqef's Jewellery Boutique.
 29805 | Orc:2    | Bought an uncursed ring of see invisible for 240 gold pieces
 29902 | Orc:2    | Found Fuanler's General Store.
 30006 | Orc:2    | Found Ejuhey Maer's Antique Armour Shoppe.
 30079 | Orc:2    | Bought a runed cloak for 232 gold pieces
 30090 | Orc:2    | Bought an embroidered scarf for 248 gold pieces
 30232 | Orc:2    | Found Nenifea's Gadget Shoppe.
 30279 | Orc:2    | Found a staircase to the Elven Halls.
 30293 | Orc:2    | Noticed an orc warlord
 30329 | Orc:2    | Killed an orc warlord
 30430 | Orc:2    | Found Borik's Antique Weapon Emporium.
 30805 | Orc:2    | beem: I am beem. For help, type: !beem
 30805 | Orc:2    | Oakenhold: !beem
 30805 | Orc:2    | beem: I'm a bot that sends commands to the DCSS IRC knowledge bots. For details, see https://github.com/gammafunk/beem/blob/master/docs/commands.md and to have me watch your games on this server, type: !subscribe
 30805 | Orc:2    | Oakenhold: !subscribe
 30805 | Orc:2    | beem: Subscribed. I will now watch all games of user Oakenhold
 30805 | Orc:2    | Upgraded the game from 0.22-a0-800-g058c00f to 0.22-a0-803-gd6d8abe
 31309 | D:14     | Found a runed gate.
 31311 | D:14     | Found a runed gate.
 31311 | D:14     | Found a runed gate.
 31349 | D:14     | Noticed Sonja
 31359 | D:14     | Killed Sonja
 31535 | D:14     | Noticed jusw85's ghost (journeyman DECj)
 32091 | D:15     | Entered Level 15 of the Dungeon
 32114 | D:15     | Reached skill level 16 in Fighting
 32227 | D:15     | Reached skill level 16 in Armour
 32308 | D:15     | Found Hiczaxte's Magic Scroll Shoppe.
 32334 | D:15     | Bought a scroll of identify for 24 gold pieces
 32334 | D:15     | Bought a scroll of identify for 24 gold pieces
 32334 | D:15     | Bought a scroll of identify for 24 gold pieces
 32461 | D:15     | Received a gift from Trog
 32628 | D:15     | Reached skill level 14 in Dodging
 32850 | D:15     | Found a staircase to the Depths.
 33268 | Shoals:1 | Entered Level 1 of the Shoals
 33438 | Shoals:1 | Reached XP level 16. HP: 147/152 MP: 13/15
 33795 | Shoals:1 | Received a gift from Trog
 33822 | Shoals:1 | Reached skill level 17 in Fighting
 34466 | Shoals:2 | Reached skill level 17 in Armour
 35236 | Shoals:2 | Found a runed gate.
 35236 | Shoals:2 | Found a runed gate.
 35236 | Shoals:2 | Found a runed gate.
 35236 | Shoals:2 | Noticed Kakibod's ghost (journeyman SpVM)
 35443 | Shoals:1 | Killed Kakibod's ghost
 35736 | Shoals:3 | Noticed a kraken
 35754 | Shoals:3 | Killed a kraken
 36369 | Shoals:3 | Received a gift from Trog
 36515 | Shoals:3 | Reached skill level 18 in Fighting
 36697 | Shoals:3 | Reached skill level 18 in Armour
 36952 | Shoals:4 | Entered Level 4 of the Shoals
 37034 | Shoals:4 | Reached skill level 15 in Dodging
 37131 | Shoals:4 | Reached XP level 17. HP: 166/166 MP: 16/16
 37142 | Shoals:4 | Got faintly glowing steam dragon scales
 37153 | Shoals:4 | Identified the +5 steam dragon scales of Baagi {rPois rC+ Str-2} (You found it on level 4 of the Shoals)
 37460 | Shoals:4 | Received a gift from Trog
 37684 | Shoals:4 | Noticed a kraken
 37998 | Shoals:4 | Noticed a kraken
 38021 | Shoals:4 | Killed a kraken
 38042 | Shoals:4 | Reached skill level 19 in Fighting
 38500 | Shoals:4 | Killed a kraken
 38515 | Shoals:4 | Got a barnacled rune of Zot
 38736 | Snake:1  | Entered Level 1 of the Snake Pit
 38740 | Snake:1  | Received a gift from Trog
 38743 | Snake:1  | Reached skill level 19 in Armour
 38811 | Snake:1  | Noticed Asterion
 39128 | Snake:1  | Found Voampump's Antique Armour Boutique.
 39136 | Snake:1  | Bought a runed plate armour for 650 gold pieces
 39173 | Snake:1  | Killed Asterion
 41115 | Snake:2  | Identified Ydanar's Grimoire of Enchanting Flight
 41172 | Snake:2  | Received a gift from Trog
 41312 | Snake:2  | Found a snail-covered altar of Cheibriados.
 41595 | Snake:3  | Reached XP level 18. HP: 178/178 MP: 17/17
 41680 | Snake:3  | Reached skill level 20 in Fighting
 41764 | Snake:3  | Found Oklag's Book Boutique.
 41792 | Snake:3  | Reached skill level 1 in Shields
 41828 | Snake:3  | Reached skill level 16 in Dodging
 42319 | Snake:4  | Entered Level 4 of the Snake Pit
 42324 | Snake:4  | Reached skill level 2 in Shields
 42348 | Snake:4  | Reached skill level 20 in Armour
 42374 | Snake:4  | HP: 44/178 [poisoned by a nagaraja (splash of poison)]
 42379 | Snake:4  | HP: 42/178 [poisoned by a nagaraja (splash of poison)]
 42385 | Snake:4  | HP: 42/178 [poisoned by a nagaraja (splash of poison)]
 42391 | Snake:4  | HP: 42/178 [poisoned by a nagaraja (splash of poison)]
 42399 | Snake:4  | HP: 43/178 [poisoned by a nagaraja (splash of poison)]
 42809 | Snake:4  | Reached skill level 3 in Shields
 42931 | Snake:4  | Noticed Aizul
 42958 | Snake:4  | Killed Aizul
 42970 | Snake:4  | Reached skill level 4 in Shields
 43498 | Snake:4  | Received a gift from Trog
 43549 | Snake:4  | Reached skill level 5 in Shields
 43610 | Snake:4  | Received a gift from Trog
 43915 | Snake:4  | Reached skill level 6 in Shields
 43961 | Snake:3  | HP: 43/178 [poisoned by a nagaraja (splash of poison)]
 43966 | Snake:3  | HP: 39/178 [poisoned by a nagaraja (splash of poison)]
 43972 | Snake:3  | HP: 36/178 [poisoned by a nagaraja (splash of poison)]
 43977 | Snake:3  | HP: 35/178 [poisoned by a nagaraja (splash of poison)]
 43982 | Snake:3  | HP: 35/178 [poisoned by a nagaraja (splash of poison)]
 43989 | Snake:3  | HP: 36/178 [poisoned by a nagaraja (splash of poison)]
 43997 | Snake:3  | HP: 37/178 [poisoned by a nagaraja (splash of poison)]
 44441 | Snake:4  | HP: 39/178 [poisoned by a guardian serpent (bolt of poison)]
 44445 | Snake:4  | HP: 18/178 [nagaraja/orb of energy (19)]
 44459 | Snake:4  | HP: 32/178 [nagaraja/bolt of poison (10)]
 44466 | Snake:4  | Reached skill level 7 in Shields
 44466 | Snake:4  | HP: 63/267 [nagaraja/poison arrow (37)]
 44471 | Snake:4  | HP: 55/267 [poisoned by a nagaraja (bolt of poison)]
 44475 | Snake:4  | HP: 25/178 [poisoned by a nagaraja (bolt of poison)]
 44501 | Snake:4  | HP: 36/178 [nagaraja/splash of poison (13)]
 44506 | Snake:4  | HP: 36/178 [nagaraja/whip (5)]
 44511 | Snake:4  | HP: 17/178 [poisoned by a nagaraja (bolt of poison)]
 44518 | Snake:4  | HP: 66/267 [poisoned by a nagaraja (bolt of poison)]
 44982 | Snake:4  | Reached skill level 8 in Shields
 45298 | Snake:4  | Received a gift from Trog
 45581 | Snake:4  | Got a serpentine rune of Zot
 45766 | Snake:4  | Reached skill level 21 in Armour
 45944 | Snake:4  | Noticed Vashnia
 45960 | Snake:4  | Killed Vashnia
 45960 | Snake:4  | Reached skill level 9 in Shields
 46527 | Vaults:1 | Entered Level 1 of the Vaults
 46567 | Vaults:1 | Reached XP level 19. HP: 185/185 MP: 18/18
 46653 | Vaults:1 | Found a large runed door.
 46653 | Vaults:1 | Found a large runed door.
 46653 | Vaults:1 | Noticed Ceasim's ghost (adept TrMo)
 46654 | Vaults:1 | Noticed Visa Elutokk's ghost (journeyman FeEn)
 46778 | Vaults:1 | Got a bloodstained buckler
 46789 | Vaults:1 | Identified the cursed +0 buckler "Daera" {rF+ rN+++ Str-5 SInv} (You took it off an orc on level 1 of the Vaults)
 46880 | Vaults:1 | Found Yguzyu's Food Emporium.
 46950 | Vaults:1 | Received a gift from Trog
 46964 | Vaults:1 | Reached skill level 10 in Shields
 47356 | Vaults:1 | Reached skill level 17 in Dodging
 47409 | Vaults:1 | Got a heavily runed ring mail
 47733 | Vaults:1 | Killed Ceasim's ghost
 47750 | Vaults:1 | Killed Visa Elutokk's ghost
 47750 | Vaults:1 | Received a gift from Trog
 47898 | Vaults:1 | Identified the +4 ring mail of the Sparrow {Str+6 Stlth-} (You found it on level 1 of the Vaults)
 47998 | Vaults:1 | Reached skill level 11 in Shields
 48850 | Vaults:2 | Reached skill level 22 in Armour
 48939 | Vaults:2 | Reached skill level 12 in Shields
 48946 | Vaults:2 | Received a gift from Trog
 49039 | Vaults:2 | Found Xajuwi's General Store.
 49047 | Vaults:2 | Bought a scroll of identify for 38 gold pieces
 49780 | Vaults:3 | Reached XP level 20. HP: 193/193 MP: 16/19
 49916 | Vaults:3 | Reached skill level 13 in Shields
 49962 | Vaults:3 | Received a gift from Trog
 50096 | Vaults:3 | Found a staircase to the Crypt.
 50096 | Vaults:3 | Found a basalt altar of Yredelemnul.
 50115 | Vaults:3 | Found an ancient bone altar of Kikubaaqudgha.
 50536 | Vaults:3 | Received a gift from Trog
 50810 | Vaults:3 | Found Ugoqom's Book Emporium.
 50877 | Vaults:3 | Reached skill level 14 in Shields
 50914 | Vaults:3 | Reached skill level 23 in Armour
 51330 | Vaults:4 | Reached skill level 18 in Dodging
 51764 | Vaults:4 | Reached skill level 15 in Shields
 51764 | Vaults:4 | Received a gift from Trog
 52669 | Vaults:4 | Reached XP level 21. HP: 201/201 MP: 20/20
 52802 | Vaults:4 | Received a gift from Trog
 53190 | Elf:1    | Entered Level 1 of the Elven Halls
 53307 | Elf:1    | Identified Buguw's Incunabulum of Arcane Weapons
 53399 | Elf:1    | Reached skill level 16 in Shields
 53538 | Elf:1    | Noticed Roxanne
 53614 | Elf:1    | Killed Roxanne
 53614 | Elf:1    | Reached skill level 24 in Armour
 53617 | Elf:1    | Identified Roxanne's Handbook of Changing (You took it off Roxanne on level 1 of the Elven Halls)
 53961 | Elf:2    | Noticed Azrael
 53990 | Elf:1    | Killed Azrael
 54156 | Elf:2    | Received a gift from Trog
 54165 | Elf:2    | Got an encrusted war axe {god gift}
 54166 | Elf:2    | Identified the +5 war axe of Pumuimeu {chop, rElec Int+3 Stlth-} (Trog gifted it to you on level 2 of the Elven Halls)
 54436 | Elf:2    | Found a runed gate.
 54436 | Elf:2    | Found a runed gate.
 54438 | Elf:2    | Found a runed gate.
 55684 | Elf:3    | Entered Level 3 of the Elven Halls
 55819 | Elf:3    | Noticed Bai Suzhen
 55831 | Elf:3    | Killed Bai Suzhen
 55831 | Elf:3    | Reached skill level 17 in Shields
 56048 | Elf:3    | Received a gift from Trog
 56109 | Elf:3    | Found Wegisun's Antique Weapon Shop.
 56117 | Elf:3    | Bought a glowing broad axe for 182 gold pieces
 56446 | Elf:3    | Noticed Mara
 56492 | Elf:3    | Noticed Oakenhold's illusion
 56716 | Elf:3    | Noticed Oakenhold's illusion
 57015 | Elf:3    | Killed Mara
 57227 | Elf:3    | Reached skill level 19 in Dodging
 57914 | Elf:3    | Received a gift from Trog
 58002 | Elf:3    | Reached XP level 22. HP: 186/209 MP: 18/21
 58403 | Elf:3    | Reached skill level 25 in Armour
 58438 | Elf:3    | Reached skill level 18 in Shields
 58571 | Elf:3    | Found the +3 giant club "Skullcrusher" {speed, Str+7}
 58571 | Elf:3    | Got a pair of slimy gloves
 58681 | Elf:3    | Identified the +0 pair of gloves "Waiv" {Dex+9 Stlth-} (You found it on level 3 of the Elven Halls)
 59327 | Vaults:5 | Entered Level 5 of the Vaults
 59633 | Vaults:5 | Reached skill level 19 in Shields
 59653 | Vaults:5 | Received a gift from Trog
 59781 | Vaults:5 | Paralysed by a floating eye for 4 turns
 59799 | Vaults:5 | Reached skill level 20 in Shields
 60265 | Vaults:5 | Reached skill level 26 in Armour
 60313 | Vaults:5 | Received a gift from Trog
 60316 | Vaults:5 | Reached XP level 23. HP: 173/215 MP: 17/22
 60319 | Vaults:5 | Reached skill level 21 in Shields
 61096 | Vaults:5 | Reached skill level 20 in Dodging
 61198 | Vaults:5 | Identified the Catalogue of the Voyage
 61354 | Vaults:5 | Reached skill level 22 in Shields
 61395 | Vaults:5 | Received a gift from Trog
 61439 | Vaults:5 | Got a dazzling leather armour
 61450 | Vaults:5 | Identified the +1 leather armour of Conscience {rElec} (You took it off a tengu reaver on level 5 of the Vaults)
 61595 | Vaults:5 | Identified the Incunabulum of Ice and Creation
 62046 | Vaults:5 | Got a bound lead amulet
 62210 | Vaults:5 | Found Kiuseuf's Magic Scroll Shop.
 62215 | Vaults:5 | Bought a scroll of remove curse for 60 gold pieces
 62215 | Vaults:5 | Bought a scroll of identify for 40 gold pieces
 62215 | Vaults:5 | Bought a scroll of identify for 40 gold pieces
 62215 | Vaults:5 | Bought a scroll of identify for 40 gold pieces
 62408 | Vaults:5 | Got a vibrating lapis lazuli ring
 62458 | Vaults:5 | Got a silver rune of Zot
 62935 | Elf:3    | Identified the amulet of Divine Intervention {Harm *Drain rC++ MR++ Stlth-} (You found it on level 5 of the Vaults)
 62937 | Elf:3    | Identified the cursed ring of Foramime {rF+ rC++ Str-2} (You found it on level 5 of the Vaults)
 63158 | Elf:3    | Identified a scroll of acquirement
 63584 | Slime:1  | Entered Level 1 of the Pits of Slime
 64367 | Slime:1  | HP: 49/215 [acid (6)]
 64375 | Slime:1  | HP: 25/215 [acid (9)]
 64376 | Slime:1  | HP: 11/215 [acid (10)]
 64377 | Slime:1  | HP: 3/215 [acid blob/splash of acid (10)]
 64377 | Slime:1  | Splashed by an acid blob's acid

Vault maps used:
D:1:      mrwooster_arrival_statue_2, minmay_misc_feat_diagonals, st_stairs_4
D:2:      first_ration
D:3:      fedhas_altar_2, vehumet_crystals, serial_co_window_serial,
          co_window_of_opportunity_a, co_window_paths_b,
          co_window_of_opportunity_a, co_window_paths_a, co_window_corner_a,
          co_window_paths_a, co_window_of_opportunity_c, co_window_paths_c,
          co_window_broadway_c, co_window_corner_b, co_window_of_opportunity_c,
          co_window_of_opportunity_c, co_window_4corner_b, co_window_paths_d,
          glass_columns_b, glass_columns_a, glass_columns_c, glass_columns_b,
          kennysheep_generic_room_7
D:4:      overflow_temple_1_default, uniq_natasha, uniq_ijyb
D:5:      nicolae_overflow_crystal_walls
D:6:      okawaru_altar_gauntlet_db, gammafunk_ghost_stat_death,
          nicolae_underground_beach, uniq_sigmund
D:7:      nicolae_overflow_quartered_altars, temple_green, basic_altar,
          grunt_livestock, minmay_unpleasant_kobolds
D:8:      minmay_statue_hallways, hangedman_abyss_or_decor_jellyfish_corner,
          kennysheep_nondescript, eino_jars, uniq_joseph
D:9:      serial_shops, shop, minmay_lizard_king
D:10:     dpeg_lair_monsters, minmay_beelzebubs_servants
D:11:     minmay_the_grid_square_5x5_4x4, uniq_maurice, uniq_josephine
D:12:     zombieorc1_lemuel, nicolae_blasting_shop
D:13:     hangedman_vaults_entry_quadrant_bands
D:14:     nicolae_sextant, ebering_ghost_rock_garden, uniq_sonja
D:15:     hangedman_depths_entry_civil_slaughter, serial_shops,
          nicolae_shop_behind_doors, st_stairs_1,
          hangedman_abyss_or_decor_clamps
Lair:1:   basic_altar, grunt_forest_stairs_basic, hibernation_bobbens,
          serial_bayou_shore_b, uniq_gastronok
Lair:3:   minmay_shoals_entry_beasts, dummy_snake_entry,
          minmay_lair_oklob_chamber, lemuel_fruit_tree
Lair:4:   gammafunk_ghost_necromancy, uniq_kirke
Lair:5:   slime_altar_1, beast_lair_carwin_7, infiniplex_staircase_pool,
          grunt_megastairs_5
Lair:6:   minmay_lair_end_enchanted_forest, infiniplex_staircase_pool_2
Shoals:1: nicolae_shoals_water_shrine
Shoals:2: gammafunk_ghost_necromancy
Shoals:3: nicolae_shoals_arrival_archipelago
Shoals:4: shoals_end_hangedman, nicolae_shoals_mertower
Snake:1:  serial_shops, shop, library_closet, grunt_ministairs_15, uniq_asterion
Snake:2:  basic_altar
Snake:3:  serial_shops, shop, nicolae_coiled_stairwell_up, grunt_megastairs_2
Snake:4:  snake_hunt, grunt_ministairs_6, uniq_aizul, uniq_vashnia
Orc:1:    nicolae_orc_accident_2, serial_shops, nicolae_shop_trees
Orc:2:    grunt_orc_gardens, grunt_orc_garden, grunt_orc_garden,
          grunt_orc_garden, grunt_orc_garden, serial_shops, shop
Elf:1:    eino_elf_arrival_sip, minmay_elf_annihilation, uniq_roxanne
Elf:2:    st_stairs_9, uniq_azrael
Elf:3:    minmay_elf_hall_quartered_circle, serial_shops,
          nicolae_shop_temple_entry_statues_fountains, uniq_mara,
          uniq_bai_suzhen
Vaults:1: advil_vaults_ghost_guards, vaults_dpeg_diagonal, v_misc_8,
          grunt_vaults_hallway_short, grunt_vaults_twisty,
          nicolae_vaults_big_ls, hangedman_vaults_nodes, v_misc_14, v_misc_30,
          nicolae_vaults_little_ls, vaults_standard_mumra_x, serial_shops,
          nicolae_shop_temple_entry_statues_fountains
Vaults:2: v_rooms_3, st_lines, v_pattern_1, v_rooms_6, hangedman_vaults_trim,
          v_misc_4, ontoclasm_vaults_loading_screen, v_rooms_2,
          nicolae_vaults_circle_grid_a, nicolae_vaults_asterisk,
          nicolae_vaults_little_squares_5, serial_shops, shop
Vaults:3: hangedman_vaults_slice, vaults_dpeg_spiral,
          minmay_crypt_entry_necro_gods, v_pattern_3,
          nicolae_vaults_ninety_degrees, dpeg_vaults_monster_row, v_misc_11,
          ontoclasm_vaults_claustrophobia, ontoclasm_vaults_fault,
          vaults_room_boxed, serial_shops, nicolae_shop_behind_doors
Vaults:4: v_misc_17, nicolae_vaults_network_s, st_octagons_1,
          nicolae_vaults_little_squares_6, grunt_vaults_hallway_short,
          ontoclasm_vaults_ring_square, ontoclasm_vaults_decontamination,
          nicolae_vaults_little_squares_2, grunt_vaults_funnel,
          nicolae_vaults_circle_grid_b, nicolae_vaults_yaktaur_gun_rack,
          vaults_room_pools, ontoclasm_vaults_loading_screen,
          dpeg_vaults_monster_box
Vaults:5: serial_shops

Skill      XL: |  1  2  3  4  5  6  7  8  9 10 11 12 13 14 15 16 17 18 19 20 21 22 23 |
---------------+----------------------------------------------------------------------+-----
Axes           | 4 5 6 7 9 11 13 14 16 17 18 | 18.5
Fighting       | 4 5 6 7 8 9 11 12 13 14 16 18 19 20 | 20.0
Armour         | 3 4 5 6 8 9 10 11 13 14 16 18 19 21 22 23 24 26 | 26.6
Dodging        | 3 4 5 6 7 8 9 11 12 13 14 15 16 17 18 19 20 | 20.2
Shields        | 9 12 15 17 20 22 | 22.4

Action                   |  1- 3 |  4- 6 |  7- 9 | 10-12 | 13-15 | 16-18 | 19-21 | 22-24 || total
-------------------------+-------+-------+-------+-------+-------+-------+-------+-------++-------
Melee: Hand axe          |    68 |   141 |   275 |       |       |       |       |       ||   484
       Headbutt          |     9 |    24 |    49 |   161 |   369 |   424 |   601 |   234 ||  1871
       War axe           |       |       |    32 |   626 |   297 |       |       |       ||   955
       Broad axe         |       |       |       |       |  1113 |  1382 |  1703 |   488 ||  4686
       Demon whip        |       |       |       |       |       |       |       |    87 ||    87
Throw: Stone             |    26 |   133 |   142 |   359 |   599 |   119 |    33 |    32 ||  1443
Invok: Berserk           |     2 |     8 |    15 |    20 |    11 |     8 |     6 |     1 ||    71
       Trog's Hand       |       |       |     3 |     8 |     6 |     5 |     9 |     2 ||    33
Evoke: Wand              |       |       |       |       |       |     2 |       |       ||     2
  Use: Scroll            |     2 |     6 |     6 |    10 |    13 |    16 |    18 |     7 ||    78
       Potion            |       |       |       |     1 |     3 |     9 |     4 |     1 ||    18
 Stab: Distracted        |       |       |       |       |     1 |       |       |     1 ||     2
  Eat: Chunk             |     4 |    14 |    23 |    32 |    53 |    26 |    38 |    12 ||   202
       Ration            |       |     1 |     3 |     6 |     4 |     8 |     3 |     3 ||    28
Armor: Animal skin       |    11 |     7 |       |       |       |       |       |       ||    18
       Ring mail         |       |    22 |    76 |    18 |       |       |       |       ||   116
       Plate armour      |       |       |       |   297 |   331 |   384 |   257 |   231 ||  1500
Dodge: Dodged            |    28 |    73 |   192 |   489 |   419 |   474 |   363 |   372 ||  2410
Block: Buckler           |       |       |    24 |    16 |       |       |    85 |       ||   125
       Shield            |       |       |       |   219 |    91 |       |       |     2 ||   312
       Large shield      |       |       |       |       |   917 |  1457 |  1229 |   918 ||  4521
       Reflection        |       |       |       |       |    66 |   233 |   123 |    55 ||   477

Table legend:
 A = Spawn XP
 B = Non-spawn XP
 C = Spawn XP percentage of total XP
 D = Spawn monster count
 E = Non-spawn monster count
 F = Spawn count percentage of total count
 G = Total turns spent on level
                    A         B        C        D         E        F      G
               +---------+---------+-------+---------+---------+-------+---------
         Total |       0 |  913528 |   0.0 |       0 |    1906 |   0.0 | 64377
               +---------+---------+-------+---------+---------+-------+---------
           D:1 |       0 |      68 |   0.0 |       0 |      21 |   0.0 |  1131
           D:2 |       0 |      52 |   0.0 |       0 |      18 |   0.0 |  1127
           D:3 |       0 |     198 |   0.0 |       0 |      30 |   0.0 |  1792
           D:4 |       0 |     274 |   0.0 |       0 |      21 |   0.0 |  1023
           D:5 |       0 |     538 |   0.0 |       0 |      15 |   0.0 |  1163
           D:6 |       0 |    2620 |   0.0 |       0 |      55 |   0.0 |  2963
           D:7 |       0 |     913 |   0.0 |       0 |      32 |   0.0 |  1227
           D:8 |       0 |    2240 |   0.0 |       0 |      28 |   0.0 |  1635
           D:9 |       0 |    2772 |   0.0 |       0 |      42 |   0.0 |  1391
          D:10 |       0 |   14618 |   0.0 |       0 |      63 |   0.0 |  3389
          D:11 |       0 |   12861 |   0.0 |       0 |      71 |   0.0 |  2444
          D:12 |       0 |    3795 |   0.0 |       0 |      69 |   0.0 |  1641
          D:13 |       0 |   16361 |   0.0 |       0 |      58 |   0.0 |  1486
          D:14 |       0 |    4232 |   0.0 |       0 |      25 |   0.0 |  1196
          D:15 |       0 |   18475 |   0.0 |       0 |      41 |   0.0 |  1042
        Lair:1 |       0 |    6936 |   0.0 |       0 |      26 |   0.0 |  1391
        Lair:2 |       0 |    3769 |   0.0 |       0 |      21 |   0.0 |   873
        Lair:3 |       0 |    5023 |   0.0 |       0 |      18 |   0.0 |  1611
        Lair:4 |       0 |    7930 |   0.0 |       0 |      25 |   0.0 |  1056
        Lair:5 |       0 |   10602 |   0.0 |       0 |      32 |   0.0 |  1202
        Lair:6 |       0 |   15678 |   0.0 |       0 |      68 |   0.0 |  1128
      Shoals:1 |       0 |   20257 |   0.0 |       0 |      42 |   0.0 |  1338
      Shoals:2 |       0 |   12454 |   0.0 |       0 |      28 |   0.0 |  1163
      Shoals:3 |       0 |   26387 |   0.0 |       0 |      44 |   0.0 |  1238
      Shoals:4 |       0 |   41577 |   0.0 |       0 |      63 |   0.0 |  1700
       Snake:1 |       0 |   14360 |   0.0 |       0 |      25 |   0.0 |  1443
       Snake:2 |       0 |   22091 |   0.0 |       0 |      37 |   0.0 |  1366
       Snake:3 |       0 |   14146 |   0.0 |       0 |      29 |   0.0 |  1633
       Snake:4 |       0 |   75877 |   0.0 |       0 |      99 |   0.0 |  3162
       Slime:1 |       0 |   10193 |   0.0 |       0 |      13 |   0.0 |   793
         Orc:1 |       0 |    4128 |   0.0 |       0 |      34 |   0.0 |  1002
         Orc:2 |       0 |   14762 |   0.0 |       0 |      61 |   0.0 |  1281
         Elf:1 |       0 |   27913 |   0.0 |       0 |      50 |   0.0 |  1023
         Elf:2 |       0 |   35053 |   0.0 |       0 |      46 |   0.0 |  2138
         Elf:3 |       0 |   76708 |   0.0 |       0 |      56 |   0.0 |  3049
      Vaults:1 |       0 |   42496 |   0.0 |       0 |      76 |   0.0 |  1798
      Vaults:2 |       0 |   49439 |   0.0 |       0 |      85 |   0.0 |  1670
      Vaults:3 |       0 |   58733 |   0.0 |       0 |      95 |   0.0 |  1596
      Vaults:4 |       0 |   92906 |   0.0 |       0 |     104 |   0.0 |  2798
      Vaults:5 |       0 |  144093 |   0.0 |       0 |     140 |   0.0 |  2275
               +---------+---------+-------+---------+---------+-------+---------

Vault maps used:
D:1:      mrwooster_arrival_statue_2, minmay_misc_feat_diagonals, st_stairs_4
D:2:      first_ration
D:3:      fedhas_altar_2, vehumet_crystals, serial_co_window_serial,
          co_window_of_opportunity_a, co_window_paths_b,
          co_window_of_opportunity_a, co_window_paths_a, co_window_corner_a,
          co_window_paths_a, co_window_of_opportunity_c, co_window_paths_c,
          co_window_broadway_c, co_window_corner_b, co_window_of_opportunity_c,
          co_window_of_opportunity_c, co_window_4corner_b, co_window_paths_d,
          glass_columns_b, glass_columns_a, glass_columns_c, glass_columns_b,
          kennysheep_generic_room_7
D:4:      overflow_temple_1_default, uniq_natasha, uniq_ijyb
D:5:      nicolae_overflow_crystal_walls
D:6:      okawaru_altar_gauntlet_db, gammafunk_ghost_stat_death,
          nicolae_underground_beach, uniq_sigmund
D:7:      nicolae_overflow_quartered_altars, temple_green, basic_altar,
          grunt_livestock, minmay_unpleasant_kobolds
D:8:      minmay_statue_hallways, hangedman_abyss_or_decor_jellyfish_corner,
          kennysheep_nondescript, eino_jars, uniq_joseph
D:9:      serial_shops, shop, minmay_lizard_king
D:10:     dpeg_lair_monsters, minmay_beelzebubs_servants
D:11:     minmay_the_grid_square_5x5_4x4, uniq_maurice, uniq_josephine
D:12:     zombieorc1_lemuel, nicolae_blasting_shop
D:13:     hangedman_vaults_entry_quadrant_bands
D:14:     nicolae_sextant, ebering_ghost_rock_garden, uniq_sonja
D:15:     hangedman_depths_entry_civil_slaughter, serial_shops,
          nicolae_shop_behind_doors, st_stairs_1,
          hangedman_abyss_or_decor_clamps
Lair:1:   basic_altar, grunt_forest_stairs_basic, hibernation_bobbens,
          serial_bayou_shore_b, uniq_gastronok
Lair:3:   minmay_shoals_entry_beasts, dummy_snake_entry,
          minmay_lair_oklob_chamber, lemuel_fruit_tree
Lair:4:   gammafunk_ghost_necromancy, uniq_kirke
Lair:5:   slime_altar_1, beast_lair_carwin_7, infiniplex_staircase_pool,
          grunt_megastairs_5
Lair:6:   minmay_lair_end_enchanted_forest, infiniplex_staircase_pool_2
Shoals:1: nicolae_shoals_water_shrine
Shoals:2: gammafunk_ghost_necromancy
Shoals:3: nicolae_shoals_arrival_archipelago
Shoals:4: shoals_end_hangedman, nicolae_shoals_mertower
Snake:1:  serial_shops, shop, library_closet, grunt_ministairs_15, uniq_asterion
Snake:2:  basic_altar
Snake:3:  serial_shops, shop, nicolae_coiled_stairwell_up, grunt_megastairs_2
Snake:4:  snake_hunt, grunt_ministairs_6, uniq_aizul, uniq_vashnia
Orc:1:    nicolae_orc_accident_2, serial_shops, nicolae_shop_trees
Orc:2:    grunt_orc_gardens, grunt_orc_garden, grunt_orc_garden,
          grunt_orc_garden, grunt_orc_garden, serial_shops, shop
Elf:1:    eino_elf_arrival_sip, minmay_elf_annihilation, uniq_roxanne
Elf:2:    st_stairs_9, uniq_azrael
Elf:3:    minmay_elf_hall_quartered_circle, serial_shops,
          nicolae_shop_temple_entry_statues_fountains, uniq_mara,
          uniq_bai_suzhen
Vaults:1: advil_vaults_ghost_guards, vaults_dpeg_diagonal, v_misc_8,
          grunt_vaults_hallway_short, grunt_vaults_twisty,
          nicolae_vaults_big_ls, hangedman_vaults_nodes, v_misc_14, v_misc_30,
          nicolae_vaults_little_ls, vaults_standard_mumra_x, serial_shops,
          nicolae_shop_temple_entry_statues_fountains
Vaults:2: v_rooms_3, st_lines, v_pattern_1, v_rooms_6, hangedman_vaults_trim,
          v_misc_4, ontoclasm_vaults_loading_screen, v_rooms_2,
          nicolae_vaults_circle_grid_a, nicolae_vaults_asterisk,
          nicolae_vaults_little_squares_5, serial_shops, shop
Vaults:3: hangedman_vaults_slice, vaults_dpeg_spiral,
          minmay_crypt_entry_necro_gods, v_pattern_3,
          nicolae_vaults_ninety_degrees, dpeg_vaults_monster_row, v_misc_11,
          ontoclasm_vaults_claustrophobia, ontoclasm_vaults_fault,
          vaults_room_boxed, serial_shops, nicolae_shop_behind_doors
Vaults:4: v_misc_17, nicolae_vaults_network_s, st_octagons_1,
          nicolae_vaults_little_squares_6, grunt_vaults_hallway_short,
          ontoclasm_vaults_ring_square, ontoclasm_vaults_decontamination,
          nicolae_vaults_little_squares_2, grunt_vaults_funnel,
          nicolae_vaults_circle_grid_b, nicolae_vaults_yaktaur_gun_rack,
          vaults_room_pools, ontoclasm_vaults_loading_screen,
          dpeg_vaults_monster_box
Vaults:5: serial_shops

Table legend:
 A = Turns spent in this place as a percentage of turns spent in the entire game.
 B = Non-inter-level travel turns spent in this place as a percentage of non-inter-level travel turns spent in the entire game.
 C = Inter-level travel turns spent in this place as a percentage of turns spent in this place.
 D = Turns resting spent in this place as a percentage of non-inter-level travel turns spent in this place.
 E = Turns spent auto-exploring this place as a percentage of non-inter-level travel turns spent in this place.
 F = Non-inter-level travel turns spent in this place divided by the number of levels of this place that you've seen.
                   A       B       C       D       E      F
               +-------+-------+-------+-------+-------+----------------------
         Total | 100.0 | 100.0 |   6.3 |  27.8 |  44.8 | 1507.7
       Dungeon |  38.3 |  38.9 |   4.9 |  31.9 |  45.3 | 1562.1
          Lair |  11.3 |  11.0 |   8.3 |  13.7 |  63.2 | 1109.5
        Shoals |   8.4 |   8.7 |   3.6 |  24.1 |  39.9 | 1310.2
     Snake Pit |  11.8 |  12.2 |   2.9 |  41.8 |  33.7 | 1845.0
    Slime Pits |   1.2 |   1.3 |   4.3 |  51.4 |  31.0 | 759.0
  Orcish Mines |   3.5 |   3.1 |  18.0 |  23.3 |  52.5 | 936.5
   Elven Halls |   9.6 |   9.8 |   5.3 |  35.9 |  32.9 | 1961.0
        Vaults |  15.7 |  15.1 |  10.4 |  12.2 |  49.0 | 1817.0
               +-------+-------+-------+-------+-------+----------------------

Table legend:
 A = Kills in this place as a percentage of kills in entire the game.
 B = Kills by you in this place as a percentage of kills by you in the entire game.
 C = Kills by friends in this place as a percentage of kills by friends in the entire game.
 D = Other kills in this place as a percentage of other kills in the entire game.
 E = Experience gained in this place as a percentage of experience gained in the entire game.
 F = Experience gained in this place divided by the number of levels of this place that you have seen.
                   A       B       C       D       E      F
               +-------+-------+-------+-------+-------+----------------------
         Total | 100.0 | 100.0 |   N/A | 100.0 | 100.0 | 22838.2
       Dungeon |  30.9 |  31.4 |   N/A |   5.6 |   8.8 | 5334.5
          Lair |  10.0 |  10.2 |   N/A |   0.0 |   5.5 | 8323.0
        Shoals |   9.3 |   9.0 |   N/A |  25.0 |  11.0 | 25168.8
     Snake Pit |  10.0 |   9.8 |   N/A |  16.7 |  13.8 | 31618.5
    Slime Pits |   0.7 |   0.7 |   N/A |   0.0 |   1.1 | 10193.0
  Orcish Mines |   5.0 |   5.1 |   N/A |   0.0 |   2.1 | 9445.0
   Elven Halls |   8.0 |   8.0 |   N/A |   8.3 |  15.3 | 46558.0
        Vaults |  26.2 |  25.9 |   N/A |  44.4 |  42.4 | 77533.4
               +-------+-------+-------+-------+-------+----------------------
